 Dungeon Crawl Stone Soup version 0.20.1-1-g8b1a95d (webtiles) character file.

7415 homeworkjunkie the Cleaver (level 11, -25/97 HPs)
             Began as a Hill Orc Fighter on Nov 16, 2017.
             Was a High Priest of Okawaru.
             Killed from afar by an orc sorcerer (38 damage)
             ... with a bolt of negative energy
             ... while paralysed by an orc sorcerer
             ... on level 2 of the Orcish Mines.
             The game lasted 00:19:39 (9709 turns).

homeworkjunkie the Cleaver (Hill Orc Fighter)       Turns: 9709, Time: 00:19:39

Health: -25/97     AC: 21    Str: 30    XL:     11   Next: 14%
Magic:  24/24      EV:  2    Int:  8    God:    Okawaru [*****.]
Gold:   694        SH:  0    Dex: 11    Spells: 10/10 levels left

rFire    . . .     SeeInvis .   j - +1 hand axe (elec)
rCold    . . .     Gourm    .   c - +0 shield
rNeg     . . .     Faith    .   G - +0 plate armour
rPois    .         Spirit   .   k - +2 hat
rElec    +         Reflect  .   u - +1 cloak
rCorr    .         Harm     .   E - +2 pair of gloves of the Armoured One {rElec MR- Str+8}
MR       .....                  (no boots)
Stlth    ..........             (no amulet)
Regen    0.3/turn               m - ring of magical power
MPRegen  0.2/turn               y - +1 ring of evasion

@: paralysed, very slightly contaminated, drained, invisible (expiring)
A: no striking features
a: Heroism, Finesse, Renounce Religion


You were on level 2 of the Orcish Mines.
You worshipped Okawaru.
Okawaru was extremely pleased with you.
You were not hungry.

You visited 3 branches of the dungeon, and saw 13 of its levels.

You collected 738 gold pieces.
You spent 44 gold pieces at shops.

Inventory:

Hand Weapons
 a - a +0 war axe
 j - a +1 hand axe of electrocution (weapon)
 A - a +0 hand axe of flaming
Missiles
 i - 28 tomahawks (quivered)
 q - 5 silver tomahawks
 v - 7 javelins
Armour
 c - a +0 shield (worn)
 k - a +2 hat (worn)
 u - a +1 cloak (worn)
 E - the +2 pair of gloves of the Armoured One (worn) {rElec MR- Str+8}
   (You found it on level 7 of the Dungeon)

   It affects your strength (+8).
   It insulates you from electricity.
   It affects your resistance to hostile enchantments.
 G - a +0 plate armour (worn)
Jewellery
 m - a ring of magical power (left hand)
 y - a +1 ring of evasion (right hand)
Wands
 b - a wand of iceblast (9/15)
 x - a wand of flame (9/48)
 C - a wand of confusion (14/48)
 F - a wand of flame (18/48)
Scrolls
 t - a scroll of blinking
 B - 3 scrolls of recharging
Potions
 d - a potion of might
 e - 2 potions of cancellation
 h - a potion of resistance
 l - a potion of brilliance
 n - 2 potions of curing
 o - 2 potions of flight
 r - 4 potions of mutation
 s - a potion of heal wounds
 w - 2 potions of agility
Comestibles
 f - 6 bread rations
 g - 3 meat rations
 p - 24 fruits
 z - a royal jelly


   Skills:
 * Level 9.1(8.3) Fighting
 * Level 13.1(12.2) Axes
 + Level 0.3(0.0) Throwing
 * Level 8.1(7.3) Armour
 + Level 1.6(1.0) Dodging
 + Level 1.1(0.5) Stealth
 * Level 8.3(7.5) Shields
 * Level 5.3(4.6) Evocations


You had 10 spell levels left.
You didn't know any spells.

Dungeon Overview and Level Annotations

Branches:
Dungeon (10/15)            Temple (1/1) D:5             Orc (2/2) D:9
   Lair: D:8-11         Elf: Orc:2

Altars:
Ashenzari
Cheibriados
Dithmenos
Elyvilon
Fedhas
Gozag
Hepliaklqana
Kikubaaqudgha
Makhleb
Nemelex Xobeh
Okawaru
Qazlal
Ru
Sif Muna
Trog
Uskayaw
Vehumet
Xom
Yredelemnul
Zin
The Shining One
Beogh
Lugonu

Shops:
D:7 !   Orc:2 =*

Annotations:
D:8 Erica


Message History

The orc priest hits you but does no damage.
The orc sorcerer points at you and mumbles some strange words.
The bolt of fire hits you!
You flicker for a moment.
The orc priest hits you but does no damage.
The orc sorcerer hits you but does no damage.
The orc wizard points at the orc sorcerer and mumbles some strange words.
The puff of flame hits the orc priest.
The orc priest appears unharmed.
The orc sorcerer gestures at you while chanting.
The bolt of fire hits you!
* * * LOW HITPOINT WARNING * * *
The orc priest hits you with a trident.
* * * LOW HITPOINT WARNING * * *
The orc sorcerer hits you but does no damage.
The orc sorcerer mumbles some strange words.
The orc priest hits you but does no damage.
The neqoxec shouts!
The orc sorcerer points at you and mumbles some strange words.
The bolt of negative energy hits you!
You feel drained.
You die...

#..# ...#####..#########
#.. ....##.∩.##..#
#......##.....##.#
#.#....#..._...#.#
#.#....#...8...#.#
#.##.#.#.....43 .#
##.#....##..o.o #.#..
#........##ooo##..#.#
##.#.......###@#.....#
###.....#..#.))........#
#...#.........)........#
...###.....^)))........##
#### ###.................
#........#).......
#..................
#...#####.........#
#....# #.........#


You could see an orange demon, a neqoxec (wandering), an orc sorcerer, 2 orc
warriors, an orc priest and an orc wizard.

Vanquished Creatures
  A two-headed ogre (D:8)
  Pikel (D:6)
  An orc sorcerer (Orc:2)
  Psyche (D:9)
  A wyvern (D:8)
  Eustachio (D:6)
  2 wargs (Orc:2)
  Menkaure (D:7)
  Duvessa (D:5)
  2 ice beasts
  12 orc warriors
  A slave (D:6)
  2 phantoms
  3 ogres
  The ghost of dscm the Chopper, an amateur DsGl (D:4)
  A big kobold (D:8)
  A gnoll sergeant (D:6)
  5 bullfrogs
  Dowan (D:5)
  5 scorpions
  6 killer bees (D:10)
  12 wights
  2 crimson imps
  2 centaur zombies
  A jelly (D:7)
  Crazy Yiuf (D:2)
  4 hounds
  9 orc priests
  13 orc wizards
  8 worker ants
  4 hound skeletons
  2 worker ant zombies
  7 gnolls
  14 adders
  3 shadow imps
  2 oozes
  An adder zombie (D:8)
  3 worms
  A dart slug (D:1)
  3 leopard geckos
  53 orcs
  2 giant cockroaches
  11 goblins
  6 hobgoblins
  A quokka (D:8)
  6 bats
  5 frilled lizards
  A jackal zombie (D:8)
  14 kobolds
  8 rats
249 creatures vanquished.

Vanquished Creatures (others)
  3 slaves (D:6)
  An orc (Orc:2)
4 creatures vanquished.

Grand Total: 253 creatures vanquished

Notes
Turn   | Place    | Note
-------+----------+-------------------------------------------
     0 | D:1      | homeworkjunkie the Hill Orc Fighter began the quest for the Orb.
     0 | D:1      | Reached XP level 1. HP: 19/19 MP: 1/1
   111 | D:1      | Reached XP level 2. HP: 18/27 MP: 2/2
   302 | D:1      | Reached skill level 3 in Axes
   461 | D:3      | Reached XP level 3. HP: 33/33 MP: 3/3
   507 | D:4      | Found a transporter.
   677 | D:3      | Reached XP level 4. HP: 38/40 MP: 4/4
   986 | D:2      | Reached skill level 4 in Axes
  1396 | D:2      | Reached XP level 5. HP: 42/47 MP: 5/5
  1492 | D:2      | Found a runed door.
  1496 | D:2      | Noticed Crazy Yiuf
  1507 | D:2      | Killed Crazy Yiuf
  1891 | D:1      | Reached skill level 5 in Axes
  1891 | D:1      | Reached XP level 6. HP: 41/53 MP: 6/6
  2332 | D:4      | Noticed a phantom
  2358 | D:4      | Killed a phantom
  2443 | D:4      | Found an opulent altar of Gozag.
  2554 | D:4      | Found a transporter.
  2569 | D:5      | Entered Level 5 of the Dungeon
  2605 | D:4      | Reached skill level 5 in Fighting
  2766 | D:4      | Reached skill level 6 in Axes
  2766 | D:4      | Reached skill level 5 in Armour
  2766 | D:4      | Reached XP level 7. HP: 25/61 MP: 7/7
  3145 | D:4      | Noticed dscm's ghost (amateur DsGl)
  3319 | D:5      | Reached skill level 1 in Evocations
  3418 | D:5      | Reached skill level 7 in Axes
  3523 | D:5      | Noticed Duvessa
  3525 | D:5      | Noticed Dowan
  3529 | D:5      | Killed Duvessa
  3529 | D:5      | Reached XP level 8. HP: 61/69 MP: 9/9
  3532 | D:5      | Killed Dowan
  3582 | D:5      | Reached skill level 8 in Axes
  3582 | D:5      | Reached skill level 5 in Shields
  3905 | D:6      | Noticed Eustachio
  3920 | D:6      | Killed Eustachio
  4248 | D:5      | Found a staircase to the Ecumenical Temple.
  4251 | D:5      | Reached skill level 9 in Axes
  4262 | Temple   | Entered the Ecumenical Temple
  4289 | Temple   | Became a worshipper of Warmaster Okawaru
  4448 | D:4      | Killed dscm's ghost
  4448 | D:4      | Reached skill level 1 in Dodging
  5088 | D:7      | Reached XP level 9. HP: 75/75 MP: 11/11
  5347 | D:6      | Found a deep blue altar of Sif Muna.
  5348 | D:6      | Found a hazy altar of Hepliaklqana.
  5351 | D:6      | Found a blossoming altar of Fedhas.
  5352 | D:6      | Found an ancient bone altar of Kikubaaqudgha.
  5353 | D:6      | Found a basalt altar of Yredelemnul.
  5353 | D:6      | Found a glowing golden altar of the Shining One.
  5353 | D:6      | Found a hide-covered altar of Uskayaw.
  5353 | D:6      | Found a bloodstained altar of Trog.
  5354 | D:6      | Found a burning altar of Makhleb.
  5355 | D:6      | Found a shattered altar of Ashenzari.
  5356 | D:6      | Found a stormy altar of Qazlal.
  5357 | D:6      | Found a snail-covered altar of Cheibriados.
  5358 | D:6      | Found a sparkling altar of Nemelex Xobeh.
  5402 | D:6      | Reached skill level 10 in Axes
  5436 | D:6      | Noticed Pikel
  5512 | D:6      | Killed Pikel
  5512 | D:6      | Reached * piety under Okawaru
  5975 | D:7      | Got a pair of smoking gloves
  5986 | D:7      | Identified the +2 pair of gloves of the Armoured One {rElec MR- Str+8} (You found it on level 7 of the Dungeon)
  5994 | D:7      | Found Arghunim's Distillery.
  6013 | D:7      | Bought a potion of might for 44 gold pieces
  6143 | D:7      | Reached ** piety under Okawaru
  6143 | D:7      | Reached skill level 1 in Stealth
  6383 | D:7      | Noticed Menkaure
  6394 | D:7      | Killed Menkaure
  6426 | D:8      | Noticed Erica
  6505 | D:8      | Reached skill level 11 in Axes
  6513 | D:8      | Found an ancient bone altar of Kikubaaqudgha.
  6747 | D:8      | Reached XP level 10. HP: 77/86 MP: 13/13
  6811 | D:7      | Found a glowing silver altar of Zin.
  6812 | D:7      | Found an opulent altar of Gozag.
  6860 | D:8      | Noticed a two-headed ogre
  6872 | D:8      | Killed a two-headed ogre
  6872 | D:8      | Reached *** piety under Okawaru
  7654 | D:9      | Reached skill level 12 in Axes
  7743 | D:9      | Found a staircase to the Orcish Mines.
  7996 | D:10     | Entered Level 10 of the Dungeon
  8096 | D:9      | Noticed Psyche
  8099 | D:9      | Killed Psyche
  8099 | D:9      | Reached **** piety under Okawaru
  8675 | Orc:1    | Entered Level 1 of the Orcish Mines
  8769 | Orc:1    | Found a deep blue altar of Sif Muna.
  8779 | Orc:2    | Entered Level 2 of the Orcish Mines
  8849 | Orc:2    | Reached skill level 5 in Evocations
  9332 | Orc:2    | Found a roughly hewn altar of Beogh.
  9356 | Orc:2    | Found a roughly hewn altar of Beogh.
  9368 | Orc:2    | Reached XP level 11. HP: 88/95 MP: 14/14
  9370 | Orc:2    | Noticed an orc sorcerer
  9376 | Orc:2    | Killed an orc sorcerer
  9376 | Orc:2    | Reached ***** piety under Okawaru
  9376 | Orc:2    | Received a gift from Okawaru
  9376 | Orc:2    | Reached skill level 13 in Axes
  9377 | Orc:2    | Found Orchout's General Store.
  9691 | Orc:2    | Noticed an orc sorcerer
  9691 | Orc:2    | Found a roughly hewn altar of Beogh.
  9691 | Orc:2    | Found Fuhin's Jewellery Emporium.
  9703 | Orc:2    | Paralysed by an orc sorcerer for 7 turns
  9709 | Orc:2    | Killed from afar by an orc sorcerer

Skill      XL: |  1  2  3  4  5  6  7  8  9 10 11 |
---------------+----------------------------------+-----
Axes           | 3 4 5 6 7 9 11 12 13 | 13.1
Fighting       | 4 5 6 7 8 9 |  9.1
Armour         | 4 5 6 7 8 |  8.1
Shields        | 4 5 6 7 8 |  8.3
Evocations     | 1 2 4 5 |  5.3
Dodging        | 1 |  1.6
Stealth        | 1 |  1.1
Throwing       | |  0.3

Action                   |  1- 3 |  4- 6 |  7- 9 | 10-12 || total
-------------------------+-------+-------+-------+-------++-------
Melee: War axe           |    98 |   204 |   345 |    91 ||   738
       Hand axe          |       |       |       |   202 ||   202
Throw: Tomahawk          |       |       |     3 |    15 ||    18
Evoke: Wand              |       |     1 |    11 |     4 ||    16
  Use: Potion            |     2 |     2 |     4 |     1 ||     9
       Scroll            |     3 |     3 |    11 |     7 ||    24
 Stab: Invisible         |       |       |       |     3 ||     3
  Eat: Royal jelly       |       |     3 |     3 |     1 ||     7
       Meat ration       |       |       |     2 |     1 ||     3
Armor: Scale mail        |    54 |    98 |   174 |       ||   326
       Skin              |       |       |     9 |       ||     9
       Chain mail        |       |       |       |    62 ||    62
       Plate armour      |       |       |       |    32 ||    32
Dodge: Dodged            |    25 |    77 |   100 |    70 ||   272
Block: Shield            |    53 |   103 |   177 |   133 ||   466
